 Dungeon Crawl Stone Soup version 0.21-a0-404-g291f19a (webtiles) character file.

147 KristoblXynda the Ducker (level 5, -2/25 HPs)
             Began as a Spriggan Gladiator on Oct 29, 2017.
             Killed by divine providence
             ... invoked by an orc priest
              (10 damage)
             ... on level 3 of the Dungeon.
             The game lasted 00:03:36 (3075 turns).

KristoblXynda the Ducker (Spriggan Gladiator)       Turns: 3075, Time: 00:03:37

Health: -2/25      AC:  6    Str: 10    XL:     5   Next: 8%
Magic:  15/15      EV: 22    Int: 10    God:
Gold:   94         SH:  0    Dex: 18    Spells: 4/4 levels left

rFire    . . .     SeeInvis +   a - +0 long sword
rCold    . . .     Gourm    .   (shield restricted)
rNeg     . . .     Faith    .   b - +0 robe
rPois    .         Spirit   .   c - +0 hat
rElec    .         Reflect  .   (no cloak)
rCorr    .         Harm     .   (gloves unavailable)
MR       .....                  (boots unavailable)
Stlth    +++.......             h - amulet of magic regeneration
HPRegen  0.08/turn              o - ring of magical power
MPRegen  0.39/turn              u - +4 ring of protection

@: very quick
A: unfitting armour, see invisible, herbivore 3, speed 3, slow metabolism 2
a: no special abilities


You were on level 3 of the Dungeon.
You were not hungry.

You visited 1 branch of the dungeon, and saw 3 of its levels.

You collected 94 gold pieces.

Inventory:

Hand Weapons
 a - a +0 long sword (weapon)
Missiles
 d - 3 throwing nets (quivered)
Armour
 b - a +0 robe (worn)
 c - a +0 hat (worn)
Jewellery
 h - an amulet of magic regeneration (around neck)
 o - a ring of magical power (left hand)
 u - a +4 ring of protection (right hand)
Scrolls
 e - a scroll of magic mapping {unknown}
 i - 2 scrolls of random uselessness {unknown}
 j - 2 scrolls of identify
 m - a scroll of enchant armour {unknown}
 p - a scroll of amnesia {unknown}
 r - a scroll of teleportation {unknown}
 t - 2 scrolls of remove curse {unknown}
Potions
 g - 2 potions of flight
 k - 2 potions of agility
 l - a potion of curing
 q - a potion of mutation
 s - a potion of heal wounds {unknown}
 v - a potion of resistance {unknown}
Comestibles
 f - 2 bread rations
 n - a royal jelly


   Skills:
 - Level 1.5 Fighting
 * Level 3.6 Long Blades
 - Level 2.0 Throwing
 + Level 5.9 Dodging
 + Level 3.8 Stealth


You had 4 spell levels left.
You didn't know any spells.

Dungeon Overview and Level Annotations

Branches:
Dungeon (3/15)

Altars:


Innate Abilities, Weirdness & Mutations

You are very small and have problems with some larger weapons.
You are too small for most types of armour.
You have supernaturally acute eyesight. (SInv)
You are a herbivore.
You cover ground extremely quickly.
You need consume almost no food.


Message History

You slash the orc!
You kill the orc!
The orc priest calls down the wrath of Beogh upon you.
You resist with significant effort.
You hit the orc priest but do no damage.
The orc priest hits you with a flail.
You completely miss the orc priest. The orc priest closely misses you.
You hit the orc priest.
The orc priest is lightly wounded.
The orc priest closely misses you.
You riposte.
You hit the orc priest.
The orc priest is moderately wounded.
You hit the orc priest but do no damage.
The orc priest is moderately wounded.
The orc priest calls down the wrath of Beogh upon you.
Beogh smites you!
You hit the orc priest.
The orc priest is heavily wounded.
The orc priest invokes the aid of Beogh against you.
Beogh smites you!
You die...

####...#######
#...+......
#...#######
###.# #.#######
#(#......
#.#.#####
##########
#.#.#
......)@.#
#.#.#
########o#
#.#.# #.# #.#.#
#.# #.#.# #.#
#.#.# #.# #.#.#
#.# #.#.#
#.#######.#.#
#.#.........#.#


You could see an orc priest.

Vanquished Creatures
  A centaur skeleton (D:2)
  5 adders
  An ooze (D:3)
  2 worms (D:2)
  A dart slug (D:1)
  4 leopard geckos
  2 orcs (D:3)
  A ball python (D:3)
  3 giant cockroaches
  4 goblins
  6 hobgoblins
  7 jackals
  2 bats (D:1)
  4 frilled lizards
  4 kobolds
  10 rats
57 creatures vanquished.

Vanquished Creatures (others)
  A bat (D:1)
1 creature vanquished.

Grand Total: 58 creatures vanquished

Notes
Turn   | Place    | Note
-------+----------+-------------------------------------------
     0 | D:1      | KristoblXynda the Spriggan Gladiator began the quest for the Orb.
     0 | D:1      | Reached XP level 1. HP: 10/10 MP: 2/2
    50 | D:1      | Reached skill level 1 in Stealth
    58 | D:1      | Reached XP level 2. HP: 8/14 MP: 3/3
   337 | D:1      | Reached skill level 5 in Dodging
   629 | D:1      | Reached XP level 3. HP: 18/18 MP: 4/4
  1376 | D:2      | Found a faded altar of an unknown god.
  2295 | D:2      | Reached XP level 4. HP: 21/22 MP: 5/5
  2944 | D:3      | Reached XP level 5. HP: 25/25 MP: 6/6
  3075 | D:3      | Killed from afar by an orc priest

Vault maps used:
D:1:      tarquinn_simple_flora_water_f, minmay_stone_trees_medium,
          lemuel_another_geyser
D:2:      chequers_ecumenical_altar_simple, solitary_fountain
D:3:      minmay_roachtagon, first_bread

Skill      XL: |  1  2  3 |
---------------+----------+-----
Stealth        | 1 2 3 |  3.8
Dodging        | 5 |  5.9
Long Blades    | 3 |  3.6
Fighting       | |  1.5
Throwing       | |  2.0

Action                   |  1- 3 |  4- 6 || total
-------------------------+-------+-------++-------
Melee: Long sword        |    83 |    50 ||   133
  Use: Scroll            |     4 |       ||     4
       Potion            |     1 |       ||     1
 Stab: Sleeping          |     6 |     4 ||    10
Armor: Robe              |     4 |     3 ||     7
Dodge: Dodged            |    73 |    62 ||   135
       Rpst.: Long sword |    28 |    22 ||    50

Table legend:
 A = Spawn XP
 B = Non-spawn XP
 C = Spawn XP percentage of total XP
 D = Spawn monster count
 E = Non-spawn monster count
 F = Spawn count percentage of total count
 G = Total turns spent on level
                    A         B        C        D         E        F      G
               +---------+---------+-------+---------+---------+-------+---------
         Total |       0 |     211 |   0.0 |       0 |      57 |   0.0 |  3075
               +---------+---------+-------+---------+---------+-------+---------
           D:1 |       0 |      46 |   0.0 |       0 |      26 |   0.0 |   894
           D:2 |       0 |     128 |   0.0 |       0 |      22 |   0.0 |  1917
           D:3 |       0 |      37 |   0.0 |       0 |       9 |   0.0 |   264
               +---------+---------+-------+---------+---------+-------+---------
